 Dungeon Crawl Stone Soup version 0.18-a0-1142-g19f2112 (webtiles) character file.

98 TerapinKing the Covered (level 4, -2/42 HPs)
             Began as a Deep Dwarf Fighter on Jan 22, 2016.
             Killed by nerve-wracking pain
             ... invoked by chequers's ghost
              (7 damage)
             ... on level 3 of the Dungeon.
             The game lasted 00:11:15 (1675 turns).

TerapinKing the Covered (Deep Dwarf Fighter)        Turns: 1675, Time: 00:11:16

Health: -2/42      AC: 10    Str: 21    XL:     4   Next: 44%
Magic:  0/4        EV:  8    Int:  8    God:
Gold:   89         SH:  9    Dex: 12    Spells: 0 memorised, 3 levels left

rFire  . . .     SeeInvis .     r - +0 mace
rCold  . . .     Gourm    .     b - +0 scale mail
rNeg   + . .     Faith    .     c - +0 shield
rPois  .         Spirit   +     g - +1 helmet
rElec  .         Dismiss  .     q - +0 cloak (curse)
rCorr  .         Reflect  .     (no gloves)
SustAt +         Harm     .     (no boots)
MR     .....                    n - amulet of guardian spirit
Stlth  ..........               o - ring of sustain attributes
                                m - ring of positive energy

@: non-regenerating, not resistant to hostile enchantments, extremely unstealthy
A: damage resistance, recharge devices, sense surroundings 1, slow regeneration
3
a: Device Recharging


You were on level 3 of the Dungeon.
You were very hungry.

You visited 1 branch of the dungeon, and saw 3 of its levels.

You collected 89 gold pieces.

Inventory:

Hand Weapons
 a - a +0 flail
 k - a +0 hand axe
 r - a +0 mace (weapon)
Armour
 b - a +0 scale mail (worn)
 c - a +0 shield (worn)
 g - a +1 helmet (worn)
 l - a +0 helmet
 q - a cursed +0 cloak (worn)
Jewellery
 j - an uncursed ring of fire
 m - a ring of positive energy (left hand)
 n - an amulet of guardian spirit (around neck)
 o - a ring of sustain attributes (right hand)
Wands
 e - a wand of heal wounds (3/9)
 p - a wand of digging (16/24)
Scrolls
 t - a scroll of identify {unknown}
Potions
 d - a potion of might
 i - a potion of brilliance
Books
 s - a book of Clouds

   Spells                             Type                      Level
   a - Mephitic Cloud                 Conjuration/Poison/Air       3
   b - Conjure Flame                  Conjuration/Fire             3
   c - Poisonous Cloud                Conjuration/Poison/Air       6
   d - Freezing Cloud                 Conjuration/Ice/Air          6
   e - Ring of Flames                 Charms/Fire                  7
Comestibles
 f - 2 bread rations
 h - 2 fruits


   Skills:
 + Level 3.1 Fighting
 + Level 2.6 Maces & Flails
 + Level 4.1 Armour
 + Level 0.9 Dodging
 + Level 4.1 Shields


You had 3 spell levels left.
You didn't know any spells.

Dungeon Overview and Level Annotations

Branches:
Dungeon (3/15)

Altars:

Annotations:
D:3 chequers's ghost, amateur DsNe


Innate Abilities, Weirdness & Mutations

You are resistant to damage.
You can recharge devices by infusing magical energy.
You passively map a small area around you.
You do not regenerate naturally.


Message History

The hobgoblin is almost dead.
You block the hobgoblin's attack.
Chequers's ghost points at you and mumbles some strange words.
Pain shoots through your body!
* * * LOW HITPOINT WARNING * * *
Chequers's ghost barely misses you.
The hobgoblin hits you but does no damage.
You hit the hobgoblin but do no damage.
The hobgoblin is almost dead.
Chequers's ghost barely misses you. The hobgoblin hits you with a club.
* * * LOW HITPOINT WARNING * * *
You barely miss the hobgoblin.
The hobgoblin is almost dead.
You block chequers's ghost's attack.
The hobgoblin hits you but does no damage.
You closely miss the hobgoblin.
The hobgoblin is almost dead.
Chequers's ghost gestures at you while chanting.
Pain shoots through your body!
You die...

...##
##.#.###...............#...
....###....#
######...#####..####
.....#.##### #...# #.. *
#####†.# #...# #. # ##.#
#...# * # #.# #.W.# .## #.#
##.## #.# #.# #####.#
.#####)# #@W...#* *
.......# #g#.........#
######## *#.#.#######.# *
,,....# , , [..### ,, *
,##.%# * * * * * #... **, *
, ..##* * * ,


You could see chequers's ghost and a hobgoblin.

Vanquished Creatures
  Crazy Yiuf (D:3)
  2 adders (D:2)
  An ooze (D:2)
  2 worms (D:2)
  A giant gecko (D:1)
  An orc (D:3)
  5 bats
  A giant cockroach (D:3)
  4 hobgoblins (D:2)
  5 quokkas
  4 giant newts
  6 goblins
  5 kobolds
  4 rats
42 creatures vanquished.

Vanquished Creatures (others)
  A goblin (D:1)
1 creature vanquished.

Grand Total: 43 creatures vanquished

Notes
Turn   | Place    | Note
--------------------------------------------------------------
     0 | D:1      | TerapinKing the Deep Dwarf Fighter began the quest for the Orb.
     0 | D:1      | Reached XP level 1. HP: 20/20 MP: 1/1
   361 | D:2      | Reached XP level 2. HP: 24/28 MP: 2/2
   894 | D:2      | Reached XP level 3. HP: 25/34 MP: 3/3
  1148 | D:2      | Reached skill level 4 in Shields
  1542 | D:3      | Noticed Crazy Yiuf
  1547 | D:3      | Killed Crazy Yiuf
  1547 | D:3      | Reached XP level 4. HP: 25/42 MP: 0/4
  1635 | D:3      | Noticed chequers's ghost (amateur DsNe)
  1675 | D:3      | Killed from afar by chequers's ghost

Vault maps used:
D:1:      dpeg_arrival_stone_temple_mockup, lemuel_flame_loot_1
D:3:      ecumenical_altar_1, uniq_crazy_yiuf_cottage

Action                   |  1- 3 |  4- 6 || total
-------------------------+-------+-------++-------
Melee: Flail             |   130 |       ||   130
       Mace              |       |    29 ||    29
Evoke: Wand              |     1 |     1 ||     2
  Use: Potion            |     3 |       ||     3
       Scroll            |     3 |       ||     3
  Eat: Fruit             |     2 |       ||     2
